 Dungeon Sprint DCSS version 0.28-a0-1429-gf3d713df7a (webtiles) character file.

Game seed: 5259657362202651917

30961 mhtbhm the Executioner (level 13, -7/145 HPs)
             Began as a Minotaur Fighter on Jan 8, 2022.
             Was the Champion of Trog.
             Mangled by a vampire knight (20 damage)
             ... while paralysed by a vampire knight
             ... in the Dungeon (Sprint VII: "The Pits").
             The game lasted 00:08:21 (4053 turns).

mhtbhm the Executioner (Minotaur Fighter)           Turns: 4053, Time: 00:08:22

Health: -7/145     AC: 26    Str: 23 (24) XL:     13   Next: 23%
Magic:  12/12      EV:  2    Int:  5      God:    Trog [******]
Gold:   43         SH:  0    Dex: 12      Spells: 12/12 levels left

rFire   + . .      SeeInvis .   a - +6 broad axe "Unang" {vorpal, *Noise Fly rF+ rC+++}
rCold   + + +      Faith    .   c - +0 buckler
rNeg    . . .      Spirit   .   b - +3 plate armour {rC+}
rPois   .          Reflect  .   (helmet restricted)
rElec   .          Harm     .   (no cloak)
rCorr   .          Rampage  .   r - +0 pair of gloves
Will    .....      NoTele   +   q - +0 pair of boots
Stlth   ..........              (no amulet)
HPRegen 0.34/turn               o - +3 ring of evasion
MPRegen 0.13/turn               p - +3 ring of evasion

@: paralysed, flying
A: horns 2, retaliatory headbutt, deterioration 1
a: Renounce Religion, Berserk, Trog's Hand, Brothers in Arms


You were in the Dungeon.
You worshipped Trog.
Trog was exalted by your worship.
You visited 1 branch You collected 43 gold pieces.

Inventory:

Hand Weapons
 a - the +6 broad axe "Unang" (weapon) {vorpal, *Noise Fly rF+ rC+++}
   (Trog gifted it to you in the Dungeon)

   It inflicts extra damage upon your enemies.
   rF:        It protects you from fire.
   rC:        It renders you almost immune to cold.
   Fly:       It grants you flight.
   *Noise:    It may make noises in combat.
 s - a +7 antimagic broad axe
Missiles
 m - 2 boomerangs (quivered)
 t - 3 curare-tipped darts
 C - 2 javelins
Armour
 b - a +3 plate armour of cold resistance (worn)
 c - a +0 buckler (worn)
 q - a +0 pair of boots (worn)
 r - a +0 pair of gloves (worn)
Jewellery
 o - a +3 ring of evasion (left hand)
 p - a +3 ring of evasion (right hand)
 D - a ring of protection from cold
Wands
 n - a wand of iceblast (22)
Scrolls
 j - a scroll of blinking
 l - a scroll of summoning
 u - 4 scrolls of identify
 v - a scroll of fear
 w - 2 scrolls of fog
 y - 2 scrolls of enchant weapon
Potions
 e - 6 potions of curing
 f - 9 potions of heal wounds
 g - a potion of haste
 h - 4 potions of magic
 i - 3 potions of berserk rage
 k - 2 potions of invisibility
 x - a potion of resistance
 z - 2 potions of mutation
Miscellaneous
 E - a piece from Xom's chessboard (15/15)
 F - a lightning rod (4/4)


   Skills:
 + Level 21.8 Fighting
 + Level 23.9 Axes
 + Level 2.6 Throwing
 + Level 20.9 Armour
 + Level 5.7 Dodging
 + Level 0.5 Stealth
 + Level 16.4 Shields
 + Level 1.1 Evocations


You had 12 spell levels left.
You didn't know any spells.
Your spell library was empty.

Dungeon Overview and Level Annotations

Branches:
Dungeon (1/1)

Altars:
Cheibriados
Dithmenos
Elyvilon
Fedhas
Gozag
Hepliaklqana
Makhleb
Nemelex Xobeh
Okawaru
Qazlal
Ru
Sif Muna
Trog
Vehumet
Wu Jian
Xom
Yredelemnul
Zin
The Shining One
Beogh
Jiyva
Lugonu


Innate Abilities, Weirdness & Mutations

You have a pair of horns on your head.
You reflexively headbutt those who attack you in melee.
Your body sometimes deteriorates upon taking damage.


Message History

a +0 morningstar; a +0 chain mail; a fire giant corpse You feel much better.
The vampire knight hits you but does no damage.
The vampire knight bites you.
The vampire knight draws strength from your injuries!
Unknown command.
Your cyclops goes berserk!
The vampire knight hits you with a +1 hand axe of electrocution!
The vampire knight bites you!
The vampire knight draws strength from your injuries!
Unknown command.
You slice the vampire knight!!
The vampire knight is heavily damaged.
The vampire knight hits you but does no damage.
The vampire knight bites you but does no damage.
Unknown command.
You slice the vampire knight!!
The vampire knight is almost destroyed.
The vampire knight completely misses you.
The vampire knight hits your cyclops with a +1 hand axe of electrocution.
The vampire knight bites you!
* * * LOW HITPOINT WARNING * * *
The vampire knight draws strength from your injuries!
You hit the vampire knight but do no damage.
You headbutt the vampire knight, but do no damage.
The vampire knight is severely damaged.
Your cyclops hits the vampire knight but does no damage.
The vampire knight mumbles some strange words.
The vampire knight flickers and vanishes!
Deactivating autopickup; reactivate with Ctrl-A.
You slash something!
Unknown command.
You miss something. Something draws life force from you!!
* * * LOW HITPOINT WARNING * * *
Your body deteriorates!
You feel weakened.
You hit something.
You hear some strange, mumbled words.
You suddenly lose the ability to move!
Something hits you!!
You die...

+..........# #..........#
###########..#....#..#
.........''..........#
.........''..........#
#######..##..#....#..#
#)#†.##...=......+
#{C.##..........+
#(#@.####)'####''#
#d##..####'[####''### #h#
#..##......##....)
###############..##.#)##.##...).
.................##.#..'.##..###
.................##.'..#.##..#
######''###########.#|.'.##..#
#######''###########.+..#.##..#
..............##..##.##'#.##..#


You could see a friendly cyclops (summoned, berserk).

Vanquished Creatures
  An ancient lich (D)
  A tentacled monstrosity (D)
  A fire giant (D)
  A deep elf sorcerer (D)
  A pandemonium lord (D)
  A green death (D)
  An eidolon (D)
  A spriggan air mage (D)
  A merfolk avatar (D)
  A death knight (D)
  A dancing weapon (D)
  5 two-headed ogres (D)
  Sonja (D)
  A sixfirhy (D)
  3 deep trolls (D)
  A flayed ghost (D)
  A wizard (D)
  A phantasmal warrior (D)
  A swamp dragon (D)
  A deep elf zephyrmancer (D)
  2 deep elf pyromancers (D)
  A wolf spider (D)
  5 elephants (D)
  2 cyclopes (D)
  Joseph (D)
  A black mamba (D)
  A rust devil (D)
  An orange demon (D)
  A molten gargoyle (D)
  An efreet (D)
  A smoke demon (D)
  A komodo dragon (D)
  2 ice devils (D)
  A red devil (D)
  A troll (D)
  A merfolk (D)
  2 polar bears (D)
  A hornet (D)
  A tyrant leech (D)
  A wind drake (D)
  A shadow (D)
  A vampire (D)
  A ynoxinul (D)
  3 fire bats (D)
  A wyvern (D)
  A steam dragon (D)
  A basilisk (D)
  A neqoxec (D)
  A warg (D)
  2 hell hounds (D)
  2 water moccasins (D)
  2 floating eyes (D)
  An orc warrior (D)
  4 wolves (D)
  2 scorpions (D)
  2 quasits (D)
  An orc priest (D)
  A hound (D)
  An iron imp (D)
  A jelly (D)
  An iguana (D)
  2 river rats (D)
  An ufetubus (D)
  An adder skeleton (D)
  2 worms (D)
  An orc (D)
  2 bats (D)
  3 endoplasms (D)
  2 giant cockroaches (D)
  2 ball pythons (D)
  A frilled lizard (D)
  A giant cockroach zombie (D)
103 creatures vanquished.

Vanquished Creatures (collateral kills)
  A spriggan berserker (D)
  An ugly thing (D)
  A wandering mushroom (D)
  A hell hound (D)
4 creatures vanquished.

Vanquished Creatures (others)
  A bat skeleton (D)
1 creature vanquished.

Grand Total: 108 creatures vanquished

Notes
Turn   | Place    | Note
-------+----------+-------------------------------------------
     0 | D        | mhtbhm the Minotaur Fighter began the quest for the Orb.
     0 | D        | Reached XP level 1. HP: 19/19 MP: 0/0
    25 | D        | Found a bloodstained altar of Trog.
    25 | D        | Found a shimmering blue altar of Sif Muna.
    25 | D        | Found a viscous altar of Jiyva.
    25 | D        | Found a hazy altar of Hepliaklqana.
    25 | D        | Found an opulent altar of Gozag.
    26 | D        | Found a glowing golden altar of the Shining One.
    26 | D        | Found a glowing silver altar of Zin.
    26 | D        | Found a basalt altar of Yredelemnul.
    26 | D        | Found a shimmering altar of Xom.
    26 | D        | Found an ornate altar of the Wu Jian Council.
    26 | D        | Found a sacrificial altar of Ru.
    26 | D        | Found a stormy altar of Qazlal.
    26 | D        | Found an iron altar of Okawaru.
    26 | D        | Found a sparkling altar of Nemelex Xobeh.
    26 | D        | Found a burning altar of Makhleb.
    26 | D        | Found a blossoming altar of Fedhas.
    26 | D        | Found a white marble altar of Elyvilon.
    26 | D        | Found a shadowy altar of Dithmenos.
    26 | D        | Found a snail-covered altar of Cheibriados.
    29 | D        | Found a corrupted altar of Lugonu.
    29 | D        | Found a radiant altar of Vehumet.
    30 | D        | Became a worshipper of Trog the Wrathful
    71 | D        | Reached skill level 3 in Axes
    71 | D        | Reached XP level 2. HP: 28/28 MP: 1/1
    84 | D        | Reached * piety under Trog
    85 | D        | Reached skill level 5 in Fighting
    85 | D        | Reached skill level 5 in Armour
    85 | D        | Reached skill level 5 in Shields
   116 | D        | Reached ** piety under Trog
   117 | D        | Reached XP level 3. HP: 36/36 MP: 2/2
   117 | D        | Noticed a warg
   126 | D        | Killed a warg
   127 | D        | Reached skill level 6 in Axes
   127 | D        | Reached XP level 4. HP: 15/47 MP: 3/3
   127 | D        | Reached XP level 5. HP: 17/52 MP: 4/4
   367 | D        | Noticed a water moccasin
   377 | D        | Killed a water moccasin
   377 | D        | Reached *** piety under Trog
   378 | D        | Reached skill level 7 in Axes
   382 | D        | Noticed an orc warrior
   383 | D        | Reached XP level 6. HP: 28/62 MP: 5/5
   396 | D        | Reached **** piety under Trog
   397 | D        | Reached skill level 8 in Axes
   406 | D        | Killed an orc warrior
   407 | D        | Reached skill level 9 in Axes
   407 | D        | Reached skill level 1 in Dodging
   642 | D        | Noticed a water moccasin
   651 | D        | Killed a water moccasin
   652 | D        | Reached XP level 7. HP: 64/71 MP: 6/6
   685 | D        | Noticed a merfolk
   696 | D        | Killed a merfolk
   697 | D        | Reached skill level 10 in Fighting
   697 | D        | Reached skill level 10 in Axes
   697 | D        | Reached skill level 10 in Armour
   697 | D        | Reached skill level 10 in Shields
   821 | D        | Noticed a fire bat
   821 | D        | Noticed a fire bat
   834 | D        | Killed a fire bat
   835 | D        | Reached skill level 11 in Axes
   841 | D        | Reached ***** piety under Trog
   845 | D        | Killed a fire bat
   846 | D        | Reached XP level 8. HP: 67/81 MP: 7/7
   854 | D        | Received a gift from Trog
   983 | D        | Noticed Joseph
   983 | D        | Noticed a red devil
   993 | D        | Killed a red devil
   994 | D        | Reached skill level 12 in Axes
   999 | D        | Killed Joseph
  1322 | D        | Noticed a two-headed ogre
  1334 | D        | Reached skill level 13 in Axes
  1334 | D        | Killed a two-headed ogre
  1335 | D        | Reached XP level 9. HP: 90/90 MP: 8/8
  1344 | D        | Noticed an elephant
  1448 | D        | Noticed an elephant
  1462 | D        | Killed an elephant
  1463 | D        | Reached skill level 14 in Axes
  1464 | D        | Killed an elephant
  1465 | D        | Noticed a two-headed ogre
  1474 | D        | Killed a two-headed ogre
  1475 | D        | Reached skill level 15 in Axes
  1504 | D        | Noticed an elephant
  1510 | D        | Noticed an elephant
  1515 | D        | Killed an elephant
  1516 | D        | Reached skill level 1 in Throwing
  1516 | D        | Reached XP level 10. HP: 88/102 MP: 9/9
  1519 | D        | Killed an elephant
  1520 | D        | Reached skill level 16 in Axes
  1531 | D        | Noticed a flayed ghost
  1533 | D        | Noticed a deep elf pyromancer
  1540 | D        | Killed a flayed ghost
  1540 | D        | Reached ****** piety under Trog
  1548 | D        | Killed a deep elf pyromancer
  1548 | D        | Received a gift from Trog
  1549 | D        | Reached skill level 15 in Armour
  1640 | D        | Gained mutation: Your body sometimes deteriorates upon
                  | taking damage. [a neqoxec]
  1654 | D        | Reached skill level 17 in Axes
  1662 | D        | Noticed a deep elf pyromancer
  1670 | D        | Killed a deep elf pyromancer
  1738 | D        | Noticed a cyclops
  1738 | D        | Noticed a deep troll
  1746 | D        | Killed a deep troll
  1746 | D        | Identified the +6 broad axe "Unang" {vorpal, *Noise Fly rF+
                  | rC+++} (Trog gifted it to you in the Dungeon)
  1746 | D        | Received a gift from Trog
  1748 | D        | Killed a cyclops
  1749 | D        | Reached skill level 18 in Axes
  1749 | D        | Reached skill level 1 in Evocations
  1780 | D        | Noticed a deep elf zephyrmancer
  1783 | D        | Killed a deep elf zephyrmancer
  1784 | D        | Reached skill level 15 in Fighting
  1787 | D        | Noticed a phantasmal warrior
  1789 | D        | Noticed a molten gargoyle
  1796 | D        | Reached XP level 11. HP: 97/112 MP: 10/10
  1802 | D        | Killed a phantasmal warrior
  1857 | D        | Received a gift from Trog
  1858 | D        | Reached skill level 19 in Axes
  2084 | D        | Noticed a two-headed ogre
  2089 | D        | Paralysed by a floating eye for 4 turns
  2101 | D        | Killed a two-headed ogre
  2103 | D        | Noticed a deep troll
  2108 | D        | Killed a deep troll
  2108 | D        | Received a gift from Trog
  2283 | D        | Noticed a sixfirhy
  2283 | D        | Noticed a wizard
  2283 | D        | Noticed a two-headed ogre
  2288 | D        | Killed a sixfirhy
  2291 | D        | Killed a two-headed ogre
  2292 | D        | Reached skill level 20 in Axes
  2297 | D        | Received a gift from Trog
  2298 | D        | Reached skill level 5 in Dodging
  2305 | D        | Killed a wizard
  2360 | D        | Noticed a two-headed ogre
  2360 | D        | Noticed a deep elf sorcerer
  2360 | D        | Noticed Sonja
  2370 | D        | Received a gift from Trog
  2372 | D        | Killed a two-headed ogre
  2373 | D        | Reached skill level 15 in Shields
  2375 | D        | Killed a deep elf sorcerer
  2376 | D        | Reached skill level 21 in Axes
  2379 | D        | Killed Sonja
  2380 | D        | Reached XP level 12. HP: 127/127 MP: 11/11
  2385 | D        | Received a gift from Trog
  2486 | D        | Found the +5 robe of Night {Dark Will+ SInv}
  2612 | D        | Noticed a spriggan air mage
  2627 | D        | Received a gift from Trog
  2632 | D        | Killed a spriggan air mage
  2964 | D        | Noticed an ancient lich
  2983 | D        | Killed an ancient lich
  2984 | D        | Reached skill level 22 in Axes
  3249 | D        | Noticed a tentacled monstrosity
  3254 | D        | Killed a tentacled monstrosity
  3254 | D        | Received a gift from Trog
  3342 | D        | Noticed Ceimout the pandemonium lord
  3362 | D        | Killed Ceimout the pandemonium lord
  3628 | D        | Noticed a green death
  3634 | D        | Killed a green death
  3635 | D        | Reached skill level 23 in Axes
  3968 | D        | Noticed a fire giant
  3974 | D        | Killed a fire giant
  3975 | D        | Received a gift from Trog
  3985 | D        | Reached XP level 13. HP: 106/143 MP: 12/12
  4012 | D        | Noticed an eidolon
  4024 | D        | Identified the +5 battleaxe "Igicerph" {vorpal, rElec Will+
                  | Str+3} (Trog gifted it to you in the Dungeon)
  4024 | D        | Received a gift from Trog
  4024 | D        | Killed an eidolon
  4033 | D        | Noticed a vampire knight
  4037 | D        | Paralysed by a vampire knight for 6 turns
  4037 | D        | Noticed a red draconian
  4052 | D        | Paralysed by something for 6 turns
  4053 | D        | Mangled by a vampire knight

Illustrated notes

Levels and vault maps discovered:
D:        pitsprint [storerooms_1, entrance_room_1, metal_vault_4, armoury_3,
          mini_pit_1, grid_room_1, main_hall_1, silver_pit, the_coven_3,
          the_vestibule_1, steel_vault_1, golden_pit, hallway_of_sentries,
          crystal_vault_6, iron_vault_4, final_vault]

Skill      XL: |  1  2  3  4  5  6  7  8  9 10 11 12 13 |
---------------+----------------------------------------+-----
Fighting       | 4 5 7 8 9 10 12 13 15 17 21 | 21.8
Axes           | 3 6 7 9 11 13 15 18 21 23 | 23.9
Armour         | 4 5 6 8 9 11 13 14 15 18 20 | 20.9
Shields        | 4 5 7 8 9 10 11 12 13 15 16 | 16.4
Dodging        | 1 2 3 4 5 |  5.7
Throwing       | 1 2 |  2.6
Evocations     | 1 |  1.1
Stealth        | |  0.5

Action                   |  1- 3 |  4- 6 |  7- 9 | 10-12 | 13-15 || total
-------------------------+-------+-------+-------+-------+-------++-------
Melee: Hand axe          |    27 |    47 |    53 |       |       ||   127
       War axe           |     2 |       |       |       |       ||     2
       Headbutt          |       |     9 |    14 |    36 |     5 ||    64
       Broad axe         |       |       |    40 |   195 |    30 ||   265
Throw: Boomerang         |       |       |     3 |       |       ||     3
Invok: Berserk           |       |       |       |     4 |       ||     4
       Brothers in Arms  |       |       |       |       |     3 ||     3
Evoke: Wand              |       |       |     1 |       |       ||     1
  Use: Potion            |       |     2 |     3 |     2 |     7 ||    14
       Scroll            |       |       |       |     1 |       ||     1
Armor: Scale mail        |     6 |       |       |       |       ||     6
       Chain mail        |       |    15 |    28 |       |       ||    43
       Plate armour      |       |       |    38 |    69 |    26 ||   133
Dodge: Dodged            |    14 |    16 |    53 |    82 |    16 ||   181
Block: Buckler           |     7 |     8 |    25 |    45 |    14 ||    99

Table legend: (Time is in decaauts)
 A = Elapsed time spent in this place.
 B = Non-inter-level travel time spent in this place.
 C = Inter-level travel time spent in this place.
 D = Time resting spent in this place.
 E = Time spent auto-exploring this place.
 F = Levels seen in this place.
 G = Mean time per level.
                   A        B        C        D        E       F      G
               +--------+--------+--------+--------+--------+-----+--------+
         Total |   4030 |   4030 |      0 |   2618 |     30 |   1 | 4030.0 |
       Dungeon |   4030 |   4030 |      0 |   2618 |     30 |   1 | 4030.0 |
               +--------+--------+--------+--------+--------+-----+--------+

Top non-repeatable levels by time:
       D: 4030 daAuts
